 Dungeon Crawl Stone Soup version 0.17.2-1-ge4368a0 (webtiles) character file.

9179 Goblin1989 the Grappler (level 11, -2/72 HPs)
             Began as a Gargoyle Monk on Sept 11, 2016.
             Was a High Priest of Zin.
             Slain by a freezing wraith (19 damage)
             ... on level 1 of the Lair of Beasts.
             The game lasted 00:38:11 (9547 turns).

Goblin1989 the Grappler (Gargoyle Monk)             Turns: 9547, Time: 00:38:11

Health: -2/72      AC: 26    Str: 22    XL:     11   Next: 42%
Magic:  16/18      EV: 10    Int: 13    God:    Zin [*****.]
Gold:   621        SH:  4    Dex: 17    Spells: 2 memorised, 3 levels left

rFire  . . .     SeeInvis .       - Unarmed
rCold  . . .     Clarity  .     s - +0 scale mail
rNeg   + . .     SustAt   .     o - +0 buckler
rPois  ∞         Gourm    .     u - +1 helmet
rElec  +         Spirit   .     j - +0 cloak
rCorr  .         Warding  .     (no gloves)
rMut   .         Stasis   .     H - +1 pair of boots
MR     .....                    F - amulet of regeneration
Stlth  +.........               k - +6 ring of protection
                                C - +2 ring of dexterity

@: vitalised, not resistant to hostile enchantments, very unstealthy
A: negative energy resistance 1, electricity resistance, unbreathing,
petrification resistance, rot immunity, AC +7
a: Recite, Vitalisation, Imprison, Sanctuary, Donate Gold, Renounce Religion


You were on level 1 of the Lair of Beasts.
You worshipped Zin.
Zin was extremely pleased with you.
You were not hungry.

You visited 2 branches of the dungeon, and saw 10 of its levels.
You also visited: Labyrinth and Sewer.

You collected 689 gold pieces.
You donated 68 gold pieces to Zin.

Inventory:

Hand Weapons
 r - a +4 blowgun
Missiles
 t - 15 poisoned needles
Armour
 j - a +0 cloak (worn)
 o - a +0 buckler (worn)
 s - a +0 scale mail (worn)
 u - a +1 helmet (worn)
 H - a +1 pair of boots (worn)
Magical Staves
 N - an uncursed staff of power
Rods
 n - a +5 rod of destruction (11/11)
   (You found it in a labyrinth)
 w - a +0 iron rod (11/11)
   (You found it in a labyrinth)
 x - a +4 rod of inaccuracy (10/10)
   (You found it in a labyrinth)
Jewellery
 k - a +6 ring of protection (right hand)
 C - a +2 ring of dexterity (left hand)
 E - an uncursed ring of ice {unknown}
 F - an amulet of regeneration (around neck)
Wands
 q - a wand of confusion (16)
 z - a wand of slowing (18)
 A - a wand of flame (27)
 J - a wand of paralysis (15)
 K - a wand of fireball (7)
Scrolls
 c - 3 scrolls of magic mapping
 h - a scroll of blinking
 l - a scroll of brand weapon {unknown}
 p - 7 scrolls of remove curse
 y - a scroll of fog
 D - 4 scrolls of immolation
 G - 6 scrolls of teleportation
 I - 2 scrolls of enchant weapon {unknown}
Potions
 a - a potion of haste
 d - 4 potions of heal wounds
 e - 2 potions of magic
 g - 10 potions of curing
 i - 3 potions of brilliance
 m - 2 potions of flight
 v - 2 potions of cancellation
Books
 L - a book of Hinderance

   Spells                             Type                      Level
   a - Confusing Touch                Hexes                        2
   b - Confuse                        Hexes                        3
   c - Gell's Gravitas                Hexes/Translocation          3
   d - Petrify                        Transmutation/Earth          4
   e - Metabolic Englaciation         Hexes/Ice                    5
Miscellaneous
 O - a crystal ball of energy
 P - a disc of storms
Comestibles
 b - 6 bread rations
 B - 2 beef jerkies
 M - 5 fruits


   Skills:
 - Level 10.2 Fighting
 * Level 5.1 Armour
 - Level 2.4 Dodging
 - Level 2.1 Stealth
 + Level 11.8 Unarmed Combat
 + Level 9.6 Invocations


You had 3 spell levels left.
You knew the following spells:

 Your Spells              Type           Power        Failure   Level  Hunger
a - Haste                 Chrm           #.......     100%        6    #######
b - Apportation           Tloc           #.........   95%         1    ##.....


Dungeon Overview and Level Annotations

Branches:
Dungeon (9/15)             Temple (0/1) D:7            Lair (1/8) D:9
    Orc: D:9-12

Altars:
Dithmenos
Elyvilon
Fedhas
Gozag
Nemelex Xobeh
Okawaru
Sif Muna
Xom
Zin
The Shining One

Annotations:
Lair:1 exclusion: ice statue


Innate Abilities, Weirdness & Mutations

You are resistant to torment.
Your stone body is resilient (AC +7).
You are immune to poison.
You resist negative energy.
You are resistant to electric shocks.
You can survive without breathing.
You are immune to petrification.
You are immune to rotting.


Message History

MASSIVE DAMAGE!!
Zin grants you divine stamina.
The freezing wraith hits you but does no damage.
The freezing wraith barely misses you.
You now have 16/18 mp.
You punch the freezing wraith!
The freezing wraith is heavily damaged.
The freezing wraith hits you but does no damage. x2
You hit the freezing wraith but do no damage.
The freezing wraith is heavily damaged.
The freezing wraith completely misses you.
The freezing wraith hits you but does no damage.
You hit the freezing wraith but do no damage.
The freezing wraith is heavily damaged.
Your shield and scale mail prevent you from hitting the freezing wraith.
The freezing wraith is heavily damaged.
The freezing wraith hits you.
* * * LOW HITPOINT WARNING * * *
The freezing wraith freezes you!!
You die...

## *## ###### ######## ##
P####.####.##Y####P##.#.########.
.............YYW@.:..............
..............Y##.###.....####P##
.#..#.#.###.##.#### ##....# ###
.#...........#.# #....#
..(..........#.# #....##
.+.............# ##....P#
.#.....Y.....#.######.....## ####
.P.........P.#............####.#.
...#.####P.PP#....######.........


You could see a freezing wraith and 4 yaks.

Vanquished Creatures
  A minotaur (Lab)
  A hydra (Lair:1)
  Pikel (D:7)
  A black mamba (Lair:1)
  A fire drake (Lair:1)
  3 minotaur zombies (Lab)
  Grinder (D:3)
  2 wyverns
  5 yaks (Lair:1)
  A hungry ghost (D:8)
  A sky beast (D:6)
  Duvessa (D:6)
  2 ogres
  7 ice beasts (Lair:1)
  2 black bears (D:8)
  A necrophage (D:5)
  3 porcupines (Lair:1)
  3 centaurs
  A crocodile (Lair:1)
  8 big kobolds
  Blork the orc (D:5)
  2 giant frogs (Lair:1)
  A wyvern zombie (D:8)
  Dowan (D:6)
  2 scorpions
  6 killer bees (D:8)
  4 wights (D:6)
  A crimson imp (D:6)
  4 lava snakes (Lab)
  4 hounds
  A giant frog skeleton (D:6)
  2 centaur skeletons
  A giant frog zombie (D:8)
  An orc priest (D:4)
  6 orc wizards
  Terence (D:3)
  9 iguanas
  7 worker ants
  2 hound skeletons
  8 gnolls
  Robin (D:3)
  3 river rats (Sewer)
  2 shadow imps
  11 adders
  A white imp (Lair:1)
  4 oozes
  7 worms
  6 giant geckos
  18 orcs
  5 ball pythons
  10 bats
  5 giant cockroaches
  12 hobgoblins
  12 jackals
  7 giant newts
  22 goblins
  A jackal zombie (D:5)
  57 kobolds
  5 quokkas
  12 rats
311 creatures vanquished.

Vanquished Creatures (others)
  A slave (D:7)
  A plant (Lair:1)
2 creatures vanquished.

Grand Total: 313 creatures vanquished

Notes
Turn   | Place    | Note
--------------------------------------------------------------
     0 | D:1      | Goblin1989 the Gargoyle Monk began the quest for the Orb.
     0 | D:1      | Reached XP level 1. HP: 14/14 MP: 1/1
   208 | D:1      | Reached XP level 2. HP: 16/19 MP: 2/2
   587 | D:1      | Reached XP level 3. HP: 23/23 MP: 3/3
   620 | D:1      | Reached skill level 5 in Unarmed Combat
  1381 | D:2      | Found a glowing silver altar of Zin.
  1393 | D:2      | Reached XP level 4. HP: 28/28 MP: 4/4
  1420 | D:2      | Became a worshipper of Zin the Law-Giver
  1420 | D:2      | Reached * piety under Zin
  1420 | D:2      | Reached ** piety under Zin
  1474 | D:2      | Found a shadowy altar of Dithmenos.
  2045 | D:3      | Noticed Robin
  2068 | D:3      | Reached skill level 6 in Unarmed Combat
  2091 | D:3      | Killed Robin
  2091 | D:3      | Reached XP level 5. HP: 32/32 MP: 5/5
  2207 | D:3      | Reached *** piety under Zin
  2214 | D:3      | Found an opulent altar of Gozag.
  2273 | D:3      | Reached skill level 1 in Invocations
  2327 | D:3      | Noticed Terence
  2344 | D:3      | Killed Terence
  2370 | D:3      | Noticed Grinder
  2394 | D:3      | Paralysed by Grinder for 2 turns
  2401 | D:3      | Killed Grinder
  2401 | D:3      | Reached skill level 7 in Unarmed Combat
  2401 | D:3      | Reached XP level 6. HP: 25/37 MP: 6/8
  2674 | D:4      | Reached XP level 7. HP: 21/41 MP: 9/9
  3046 | D:4      | Found an iron altar of Okawaru.
  3248 | D:5      | Entered Level 5 of the Dungeon
  3268 | D:5      | Found a glowing golden altar of the Shining One.
  3302 | D:5      | Reached skill level 8 in Unarmed Combat
  3380 | D:5      | Found a glowing drain.
  3384 | Sewer    | Entered a sewer
  3782 | Sewer    | Reached XP level 8. HP: 41/46 MP: 11/11
  4033 | Sewer    | Reached skill level 9 in Unarmed Combat
  4033 | Sewer    | Reached skill level 5 in Invocations
  4212 | D:5      | Found a deep blue altar of Sif Muna.
  4295 | D:5      | Noticed Blork the orc
  4311 | D:5      | Killed Blork the orc
  4989 | D:5      | Reached skill level 10 in Unarmed Combat
  4997 | D:5      | Reached XP level 9. HP: 47/52 MP: 13/13
  5018 | D:5      | Reached **** piety under Zin
  5235 | D:6      | Reached skill level 5 in Fighting
  5237 | D:6      | Reached ***** piety under Zin
  5304 | D:6      | Noticed Duvessa
  5305 | D:6      | Noticed Dowan
  5325 | D:6      | Killed Duvessa
  5334 | D:6      | Killed Dowan
  5799 | D:6      | Found a sparkling altar of Nemelex Xobeh.
  6340 | D:7      | Noticed Pikel
  6367 | D:7      | Killed Pikel
  6507 | D:7      | Found a white marble altar of Elyvilon.
  6510 | D:7      | Found a shimmering altar of Xom.
  6513 | D:7      | Found a blossoming altar of Fedhas.
  6794 | D:7      | Found a staircase to the Ecumenical Temple.
  6973 | D:8      | Reached XP level 10. HP: 34/64 MP: 15/15
  7753 | D:8      | Reached skill level 11 in Unarmed Combat
  8167 | D:9      | Found a staircase to the Lair.
  8178 | Lair:1   | Entered Level 1 of the Lair of Beasts
  8210 | Lair:1   | Noticed a black mamba
  8224 | Lair:1   | Killed a black mamba
  8261 | Lair:1   | Found a labyrinth entrance.
  8269 | Lab      | Entered a labyrinth
  8571 | Lab      | Reached ****** piety under Zin
  8631 | Lab      | Noticed a minotaur
  8646 | Lab      | Killed a minotaur
  8650 | Lab      | Got a warped leather armour
  8661 | Lab      | Identified the +2 leather armour "Meampoex" {+Blink} (You found it in a labyrinth)
  8673 | Lab      | Identified a +5 rod of destruction (11/11) (You found it in a labyrinth)
  8675 | Lab      | Identified a +4 rod of inaccuracy (10/10) (You found it in a labyrinth)
  8763 | Lab      | Reached skill level 10 in Fighting
  8904 | Lair:1   | Reached skill level 1 in Armour
  8904 | Lair:1   | Reached XP level 11. HP: 47/72 MP: 14/17
  9069 | Lair:1   | Learned a level 6 spell: Haste
  9229 | Lair:1   | Noticed a four-headed hydra
  9267 | Lair:1   | Killed a four-headed hydra
  9340 | Lair:1   | Noticed an ice statue
  9477 | Lair:1   | Learned a level 1 spell: Apportation
  9515 | Lair:1   | Reached skill level 5 in Armour
  9547 | Lair:1   | Slain by a freezing wraith

Action                   |  1- 3 |  4- 6 |  7- 9 | 10-12 || total
-------------------------+-------+-------+-------+-------++-------
Melee: Unarmed           |   131 |   246 |   756 |   375 ||  1508
Invok: Vitalisation      |       |     1 |     2 |     3 ||     6
       Imprison          |       |       |       |     1 ||     1
  Use: Scroll            |       |       |    13 |     2 ||    15
       Potion            |       |       |     2 |     8 ||    10
 Stab: Sleeping          |     3 |     1 |       |       ||     4
  Eat: Chunk             |     1 |     5 |     7 |     3 ||    16
       Fruit             |       |       |     9 |       ||     9
       Meat ration       |       |       |       |     6 ||     6
       Royal jelly       |       |       |       |     1 ||     1
